 Dungeon Crawl Stone Soup version 0.30-a0-743-gbfdf073431 (webtiles) character file.

Game seed: 10256493183101323686

16549 rkjgk the Blocker (level 12, 0/110 HPs)
             Began as a Minotaur Fighter on Feb 5, 2023.
             Was a High Priest of Okawaru.
             Slain by a skeletal warrior
             ... wielding a +0 battleaxe
              (9 damage)
             ... on level 12 of the Dungeon.
             The game lasted 00:27:04 (12456 turns).

rkjgk the Blocker (Minotaur Fighter)               Turns: 12456, Time: 00:27:05

Health: 0/110      AC: 24    Str: 31    XL:     12   Next: 11%
Magic:  11/11      EV: 12    Int:  9    God:    Okawaru [*****.]
Gold:   43         SH:  6    Dex:  9    Spells: 11/11 levels left

rFire   + . .      SeeInvis +    u - +1 broad axe (protect)
rCold   . . .      Faith    .    c - +0 buckler
rNeg    . . .      Spirit   .    e - +1 chain mail
rPois   .          Reflect  .    l - +1 hat {SInv}
rElec   .          Harm     .    o - +2 cloak
rCorr   .          Rampage  .    y - +0 pair of gloves
Will    +....                    w - +1 pair of boots Stlth
                                 (no amulet)
HPRegen 0.38/turn                v - +6 ring of strength
MPRegen 0.12/turn                B - ring of protection from fire

@: under a protective aura
A: horns 2, retaliatory headbutt, clever 1, deformed body, strong-willed 1,
sturdy frame 1
a: Renounce Religion, Heroism, Finesse, Duel


You were on level 12 of the Dungeon.
You worshipped Okawaru.
Okawaru was extremely pleased with you.
You visited 2 branches of the dungeon, and saw 13 of its levels.
You also visited: Sewer.

You collected 848 gold pieces.
You spent 805 gold pieces at shops.

Inventory:

Hand Weapons
 a - a +0 vampiric war axe
 m - a +3 war axe of freezing
 u - a +1 broad axe of protection (weapon)
Missiles
 q - a throwing net (quivered)
Armour
 c - a +0 buckler (worn)
 e - a +1 chain mail (worn)
 l - a +1 hat of see invisible (worn)
 o - a +2 cloak (worn)
 w - a +1 pair of boots (worn)
 y - a +0 pair of gloves (worn)
Jewellery
 v - a +6 ring of strength (left hand)
 x - a ring of poison resistance
 B - a ring of protection from fire (right hand)
 C - a ring of flight
Wands
 j - a wand of digging (11)
 A - a wand of iceblast (3)
 D - a wand of flame (20)
Scrolls
 f - 6 scrolls of teleportation
 i - 9 scrolls of identify
 r - a scroll of blinking
 z - 2 scrolls of magic mapping
 E - 3 scrolls of fog
 F - a scroll of fear
Potions
 b - 2 potions of haste
 d - a potion of might
 g - 6 potions of attraction
 h - a potion of magic
 k - 8 potions of curing
 p - 2 potions of brilliance
 s - a potion of heal wounds
 G - a potion of lignification
Miscellaneous
 n - a condenser vane


   Skills:
 + Level 11.3 Fighting
 + Level 11.1 Axes
 + Level 11.3 Armour
 + Level 9.8 Dodging
 + Level 11.3 Shields


You had 11 spell levels left.
You didn't know any spells.
Your spell library contained the following spells:

 Spells                   Type           Power      Damage    Failure   Level
 Apportation              Tloc           0%         N/A       77%         1
 Necrotise                Necr           0%         1d4       77%         1
 Sting                    Tmut/Pois      0%         1d3       77%         1
 Cigotuvi's Dreadful Rot  Necr/Pois/Air  0%         N/A       88%         2
 Poisonous Vapours        Pois/Air       0%         N/A       88%         2
 Ignite Poison            Fire/Tmut/Pois 0%         N/A       98%         3
 Kindle Blastsparks       Fire/Tloc/Air  0%         2d10      98%         3
 Mephitic Cloud           Conj/Pois/Air  0%         N/A       98%         3
 Ozocubu's Armour         Ice            0%         N/A       98%         3
 Portal Projectile        Hex/Tloc       0%         N/A       98%         3
 Stone Arrow              Conj/Erth      0%         3d7       98%         3
 Fulminant Prism          Conj/Hex       0%         3d5       100%        4
 Iskenderun's Mystic Bla  Conj/Tloc      0%         2d3       100%        4
 Leda's Liquefaction      Hex/Erth       0%         N/A       100%        4
 Olgreb's Toxic Radiance  Pois           0%         N/A       100%        4
 Sticky Flame             Conj/Fire      0%         2d3       100%        4
 Lee's Rapid Deconstruct  Erth           0%         3d4*      100%        5
 Metabolic Englaciation   Hex/Ice        0%         N/A       100%        5
 Storm Form               Tmut/Air       0%         N/A       100%        7
 Ignition                 Fire           0%         3d3       100%        8
 Lehudib's Crystal Spear  Conj/Erth      0%         10d2      100%        8
 Maxwell's Capacitive Co  Air            0%         ∞         100%        8
 Summon Small Mammal      Summ           Unusable   N/A       N/A         1
 Call Canine Familiar     Summ           Unusable   N/A       N/A         3
 Animate Armour           Summ/Erth      Unusable   N/A       N/A         4
 Summon Lightning Spire   Summ/Air       Unusable   N/A       N/A         4
 Simulacrum               Ice/Necr       Unusable   N/A       N/A         6

Dungeon Overview and Level Annotations

Branches:
Dungeon (12/15)            Temple (1/1) D:5            Lair (0/5) D:9
    Orc (0/2) D:10          Sewer (visited)

Altars:
Gozag
Okawaru
Sif Muna
Uskayaw
Yredelemnul
The Shining One

Shops:
D:10 [*   D:12 *


Innate Abilities, Weirdness & Mutations

You have a pair of horns on your head.
You reflexively headbutt those who attack you in melee.
Your mind is acute. (Int +4, Str/Dex -1)
Armour fits poorly on your strangely shaped body.
You are strong-willed. (Will+)
Your movements are slightly less encumbered by armour. (ER -2)


Message History

The skeletal warrior hits you with a +0 battleaxe.
* * * LOW HITPOINT WARNING * * *
You barely miss the skeletal warrior.
The skeletal warrior is moderately damaged.
The skeletal warrior completely misses you.
You hit the skeletal warrior but do no damage.
You headbutt the skeletal warrior, but do no damage.
The skeletal warrior is moderately damaged.
The skeletal warrior hits you with a +0 battleaxe!
* * * LOW HITPOINT WARNING * * *
You completely miss the skeletal warrior.
You headbutt the skeletal warrior.
The skeletal warrior is moderately damaged.
You block the skeletal warrior's attack.
You feel much better.
The skeletal warrior hits you but does no damage.
You slash the skeletal warrior!
Your headbutt misses the skeletal warrior.
The skeletal warrior is heavily damaged.
The skeletal warrior hits you but does no damage.
You barely miss the skeletal warrior.
Your headbutt misses the skeletal warrior.
The skeletal warrior is heavily damaged.
You block the skeletal warrior's attack.
You hit the skeletal warrior.
Your headbutt misses the skeletal warrior.
The skeletal warrior is heavily damaged.
The skeletal warrior hits you with a +0 battleaxe!!
* * * LOW HITPOINT WARNING * * *
You barely miss the skeletal warrior. You headbutt the skeletal warrior.
The skeletal warrior is heavily damaged.
The skeletal warrior hits you with a +0 battleaxe!
* * * LOW HITPOINT WARNING * * *
You barely miss the skeletal warrior.
The skeletal warrior is heavily damaged.
You block the skeletal warrior's attack.
You hit the skeletal warrior. You headbutt the skeletal warrior.
The skeletal warrior is severely damaged.
The skeletal warrior hits you with a +0 battleaxe!
You die...

######## ## #......#
.####......########
....'......'....@z#
#####......######)'......
#......# ###......
#......# ...... #####'##
..... ##<.# #+### ##..##
#.# #..## #.# ##'#### #.#
#####+


You could see a skeletal warrior.

Vanquished Creatures
  3 boulder beetles (D:11)
  Erica (D:11)
  2 two-headed ogres
  3 skeletal warriors (D:12)
  A sixfirhy (D:10)
  An orc knight (D:10)
  An ugly thing (D:12)
  A manticore (D:12)
  A naga mage (D:11)
  2 gargoyles
  Maggie (D:7)
  A kobold demonologist (D:12)
  A troll (D:12)
  A komodo dragon (D:9)
  5 slime creatures (D:12)
  A shadow (D:12)
  15 yaks
  A wraith (D:11)
  A wyvern (D:8)
  A steam dragon (D:9)
  2 water moccasins
  A black bear (D:5)
  5 orc warriors
  3 ice beasts
  An ogre (D:6)
  6 centaurs
  A phantom (D:6)
  3 kobold brigands
  A bullfrog (D:8)
  2 wyvern zombies (D:6)
  A necrophage (D:5)
  2 scorpions
  11 wights
  15 killer bees (D:9)
  3 howler monkeys
  2 bullfrog zombies (D:6)
  A centaur zombie (D:6)
  2 jellies
  2 hounds
  3 iguanas
  5 orc wizards
  A killer bee zombie (D:6)
  4 gnolls (D:5)
  7 adders
  A shadow imp (D:6)
  3 ufetubi
  3 dart slugs (D:1)
  25 orcs
  17 bats
  4 endoplasms
  6 giant cockroaches
  6 goblins
  10 hobgoblins
  5 jackals
  41 kobolds
  4 quokkas
  4 ball pythons
  5 frilled lizards
  6 rats
268 creatures vanquished.

Vanquished Creatures (others)
  59 plants (D:4)
59 creatures vanquished.

Grand Total: 327 creatures vanquished

Notes
Turn   | Place    | Note
-------+----------+-------------------------------------------
     0 | D:1      | rkjgk the Minotaur Fighter began the quest for the Orb.
     0 | D:1      | Reached XP level 1. HP: 19/19 MP: 0/0
    24 | D:1      | You fall into a shaft and drop 1 floor!
    56 | D:2      | Reached XP level 2. HP: 27/27 MP: 1/1
   154 | D:2      | Reached skill level 1 in Dodging
   256 | D:2      | Reached XP level 3. HP: 33/33 MP: 2/2
   533 | D:1      | Reached XP level 4. HP: 40/40 MP: 3/3
  1767 | D:3      | Identified the +3 spear of Osinwih {pain, rC- rN+ Int+5
                  | Dex-4}
  2321 | D:4      | Noticed a centaur
  2328 | D:4      | Killed a centaur
  2329 | D:4      | Reached XP level 5. HP: 39/47 MP: 4/4
  2367 | D:4      | Found a glowing golden altar of the Shining One.
  2462 | D:4      | Found a shimmering blue altar of Sif Muna.
  2493 | D:4      | Found an iron altar of Okawaru.
  2505 | D:4      | Became a worshipper of Warmaster Okawaru
  2766 | D:4      | Reached skill level 5 in Fighting
  2766 | D:4      | Reached skill level 5 in Shields
  2766 | D:4      | Reached XP level 6. HP: 56/56 MP: 5/5
  3109 | D:4      | Reached skill level 5 in Armour
  3396 | D:5      | Entered Level 5 of the Dungeon
  3486 | D:5      | Found a staircase to the Ecumenical Temple.
  3522 | D:5      | Reached XP level 7. HP: 60/61 MP: 6/6
  3626 | D:5      | Reached * piety under Okawaru
  3644 | D:5      | Found a glowing drain.
  3662 | Sewer    | Entered a sewer
  3703 | Sewer    | Reached skill level 5 in Axes
  3897 | Temple   | Entered the Ecumenical Temple
  3917 | D:6      | Gained mutation: You sometimes lose your temper in combat.
                  | [potion of mutation]
  3917 | D:6      | Gained mutation: You are occasionally teleported next to
                  | monsters. [potion of mutation]
  3917 | D:6      | Gained mutation: You are strong-willed. (Will+) [potion of
                  | mutation]
  3917 | D:6      | Gained mutation: Your spells are a little harder to cast,
                  | but a little more powerful. [potion of mutation]
  4159 | D:6      | Reached XP level 8. HP: 60/70 MP: 7/7
  4232 | D:6      | Reached ** piety under Okawaru
  4751 | D:6      | Identified the +5 long sword of the Floral God {holy,
                  | Int+3}
  4804 | D:6      | Found a basalt altar of Yredelemnul.
  5017 | D:7      | Reached skill level 5 in Dodging
  5410 | D:7      | Noticed Maggie
  5425 | D:7      | Killed Maggie
  5425 | D:7      | Reached *** piety under Okawaru
  5426 | D:7      | Reached XP level 9. HP: 19/79 MP: 8/8
  5903 | D:8      | Lost mutation: You are occasionally teleported next to
                  | monsters. [potion of mutation]
  5903 | D:8      | Lost mutation: You sometimes lose your temper in combat.
                  | [potion of mutation]
  5903 | D:8      | Lost mutation: Your spells are a little harder to cast, but
                  | a little more powerful. [potion of mutation]
  5903 | D:8      | Gained mutation: Armour fits poorly on your strangely
                  | shaped body. [potion of mutation]
  5903 | D:8      | Gained mutation: Your mind is acute. (Int +4, Str/Dex -1)
                  | [potion of mutation]
  5903 | D:8      | Gained mutation: Your movements are slightly less
                  | encumbered by armour. (ER -2) [potion of mutation]
  6939 | D:9      | Noticed a komodo dragon
  6945 | D:9      | Killed a komodo dragon
  6945 | D:9      | Reached **** piety under Okawaru
  6997 | D:9      | Reached XP level 10. HP: 43/90 MP: 9/9
  7003 | D:9      | Reached ***** piety under Okawaru
  7273 | D:9      | Noticed a two-headed ogre
  7281 | D:9      | Killed a two-headed ogre
  7602 | D:9      | Found a staircase to the Lair.
  8107 | D:10     | Entered Level 10 of the Dungeon
  8107 | D:10     | Found an opulent altar of Gozag.
  8117 | D:10     | Found Huuf's Armour Shoppe.
  8118 | D:10     | Noticed an orc knight
  8123 | D:10     | Found a staircase to the Orcish Mines.
  8135 | D:10     | Killed an orc knight
  8363 | D:10     | Received a gift from Okawaru
  8632 | D:10     | Found a hide-covered altar of Uskayaw.
  8861 | D:10     | Found a runed translucent door.
  8865 | D:10     | Noticed a sixfirhy
  8897 | D:10     | Killed a sixfirhy
  8898 | D:10     | Reached XP level 11. HP: 36/99 MP: 7/10
  9186 | D:10     | Found Name's General Store.
  9194 | D:10     | Bought a potion of curing for 39 gold pieces
  9194 | D:10     | Bought a scroll of enchant armour for 97 gold pieces
  9194 | D:10     | Bought a potion of curing for 39 gold pieces
  9366 | D:10     | Reached skill level 10 in Fighting
  9366 | D:10     | Reached skill level 10 in Shields
  9474 | D:10     | Noticed a skeletal warrior
  9474 | D:10     | Noticed a skeletal warrior
  9605 | D:11     | Reached skill level 10 in Armour
  9646 | D:11     | Noticed a boulder beetle
  9664 | D:11     | Killed a boulder beetle
 10133 | D:11     | Noticed a boulder beetle
 10177 | D:11     | Killed a boulder beetle
 10178 | D:11     | Reached skill level 10 in Axes
 10388 | D:11     | Noticed a two-headed ogre
 10394 | D:11     | Killed a two-headed ogre
 10557 | D:11     | Noticed a boulder beetle
 10565 | D:11     | Killed a boulder beetle
 10822 | D:11     | Noticed Erica
 10830 | D:11     | Received a gift from Okawaru
 10832 | D:11     | Killed Erica
 11697 | D:12     | Noticed a skeletal warrior
 11697 | D:12     | Noticed a skeletal warrior
 11697 | D:12     | Noticed a skeletal warrior
 11697 | D:12     | Noticed a skeletal warrior
 12124 | D:12     | Noticed a green ugly thing
 12134 | D:12     | Killed a green ugly thing
 12325 | D:12     | Found Bonybamolu's Assorted Antiques.
 12328 | D:12     | Bought a scroll of enchant weapon for 270 gold pieces
 12328 | D:12     | Bought a potion of haste for 360 gold pieces
 12431 | D:12     | Killed a skeletal warrior
 12431 | D:12     | Received a gift from Okawaru
 12432 | D:12     | Reached XP level 12. HP: 84/110 MP: 8/11
 12456 | D:12     | Slain by a skeletal warrior

Illustrated notes

Levels and vault maps discovered:
D:1:      onia_arrival_pyramid, layout_rooms, grunt_decor_clamped, minivault_4,
          minmay_misc_feat_x, minmay_misc_feat_enclosed, minmay_pentomino_o2
D:2:      layout_rooms
D:3:      layout_loops_corners
D:4:      kennysheep_kobold_camp, layout_loops_corners, amcnicky_altar_gilded,
          mainiacjoe_overflow_two_lobes
D:5:      layout_basic, minmay_temple_entry_sparse_star, portal_sewer_entry_f
D:6:      layout_basic, nicolae_yredelemnul_corpse_copse,
          minmay_misc_feat_diagonals
D:7:      layout_gridville, uniq_maggie
D:8:      layout_cave_pods, serial_park, serial_park_tiny_pond,
          serial_park_paths [serial_park_minivault_5x5_2], serial_park_square1
          [serial_park_minivault_5x5_5]
D:9:      kennysheep_spiral_hall, layout_irregular_city, lair_entry_dummy
D:10:     cheibrodos_shockbox, layout_loops_cross,
          mainiacjoe_overflow_small_starburst, kennysheep_mini, orc_david_3,
          serial_shops, nicolae_shop_stone, nicolae_benzene_ring,
          nrook_campfire, lightli_corner_chamber
D:11:     layout_loops_ring, minmay_librarian, uniq_erica
D:12:     layout_roguey, serial_shops, kennysheep_mini_moat
Temple:   nicolae_temple_slightly_damp_pantheon

Skill      XL: |  1  2  3  4  5  6  7  8  9 10 11 12 |
---------------+-------------------------------------+-----
Dodging        | 1 2 3 4 5 6 8 9 |  9.8
Shields        | 4 5 6 7 8 9 11 | 11.3
Fighting       | 4 5 6 7 8 9 11 | 11.3
Armour         | 4 5 6 7 8 9 11 | 11.3
Axes           | 3 4 5 6 8 9 10 11 | 11.1

Action                     |  1- 3 |  4- 6 |  7- 9 | 10-12 || total
---------------------------+-------+-------+-------+-------++-------
  Melee: War axe           |    82 |   161 |   263 |   227 ||   733
         Headbutt          |     8 |    21 |    47 |    71 ||   147
         Broad axe         |       |       |       |    31 ||    31
 Invoke: Heroism           |       |       |       |     5 ||     5
    Use: Scroll            |     5 |     8 |    10 |     7 ||    30
         Potion            |       |       |     2 |     4 ||     6
   Stab: Betrayed ally     |       |     1 |       |       ||     1
         Distracted        |       |       |     1 |       ||     1
 Armour: Chain mail        |    58 |   105 |   157 |   107 ||   427
  Dodge: Dodged            |    32 |   104 |   178 |   143 ||   457
  Block: Buckler           |    18 |    56 |    92 |    68 ||   234

Table legend: (Time is in decaauts)
 A = Elapsed time spent in this place.
 B = Non-inter-level travel time spent in this place.
 C = Inter-level travel time spent in this place.
 D = Time resting spent in this place.
 E = Time spent auto-exploring this place.
 F = Levels seen in this place.
 G = Mean time per level.
                   A        B        C        D        E       F      G
               +--------+--------+--------+--------+--------+-----+--------+
         Total |  12654 |  12393 |    261 |    201 |  10278 |  14 |  903.9 |
       Dungeon |  12560 |  12299 |    261 |    201 |  10236 |  12 | 1046.7 |
        Temple |      1 |      1 |      0 |      0 |      0 |   1 |    1.0 |
         Sewer |     92 |     92 |      0 |      0 |     42 |   1 |   92.0 |
               +--------+--------+--------+--------+--------+-----+--------+

Top non-repeatable levels by time:
    D:11: 1641 daAuts
    D:10: 1483 daAuts
     D:9: 1443 daAuts
     D:4: 1254 daAuts
    D:12: 1234 daAuts
     D:6: 1077 daAuts
     D:8: 1010 daAuts
     D:3: 896 daAuts
     D:7: 742 daAuts
     D:1: 663 daAuts
     D:2: 663 daAuts
     D:5: 450 daAuts
   Sewer: 92 daAuts
  Temple: 1 daAuts
